 Dungeon Crawl Stone Soup version 0.27.1 (webtiles) character file.

Game seed: 8580695252020566078

102 TinyDot the Covered (level 4, -2/40 HPs)
             Began as a Minotaur Fighter on Aug 23, 2021.
             Was an Initiate of Nemelex Xobeh.
             Slain by a sky beast (5 damage)
             ... while paralysed by Grinder
             ... on level 6 of the Dungeon.
             The game lasted 00:18:48 (3035 turns).

TinyDot the Covered (Minotaur Fighter)              Turns: 3035, Time: 00:18:49

Health: -2/40      AC:  7    Str: 22    XL:     4   Next: 50%
Magic:  3/3        EV:  2    Int:  5    God:    Nemelex Xobeh [......]
Gold:   95         SH:  0    Dex:  9    Spells: 3/3 levels left

rFire    . . .     SeeInvis .   a - +0 war axe
rCold    . . .     Faith    .   c - +0 kite shield
rNeg     . . .     Spirit   .   b - +0 scale mail
rPois    .         Reflect  .   (helmet restricted)
rElec    .         Harm     .   (no cloak)
rCorr    .         Rampage  .   (no gloves)
Will     .....                  (no boots)
Stlth    ..........             (no amulet)
HPRegen  0.13/turn              (no ring)
MPRegen  0.08/turn              (no ring)

@: paralysed
A: horns 2, retaliatory headbutt
a: Renounce Religion, Draw Escape, Draw Destruction, Draw Summoning


You were on level 6 of the Dungeon.
You worshipped Nemelex Xobeh.
Nemelex Xobeh was noncommittal.
You visited 1 branch of the dungeon, and saw 4 of its levels.

You collected 95 gold pieces.

Inventory:

Hand Weapons
 a - a +0 war axe (weapon)
 f - a +0 dagger
 g - a +0 short sword
 i - a +0 dagger
 k - a +0 spear
 l - a +0 whip
 m - a +0 club
 n - a +0 flail
 o - a +0 whip
 q - a +0 dagger
 w - a +0 morningstar
 z - a +0 mace
Missiles
 x - 2 boomerangs (quivered)
Armour
 b - a +0 scale mail (worn)
 c - a +0 kite shield (worn)
 r - a +0 kite shield
 t - a +0 scale mail
 y - a +0 scale mail
Scrolls
 s - 2 scrolls of identify {unknown}
 u - a scroll of amnesia {unknown}
 v - a scroll of silence {unknown}
 B - a scroll of acquirement {unknown}
Potions
 d - a potion of might
 e - 2 potions of flight {unknown}
 h - a potion of degeneration {unknown}
 j - 4 potions of curing {unknown}
 p - a potion of cancellation {unknown}
 A - a potion of brilliance {unknown}
 C - a potion of haste {unknown}


   Skills:
 + Level 4.2 Fighting
 + Level 3.9 Axes
 + Level 4.5 Armour
 + Level 0.5 Dodging
 + Level 4.2 Shields


You had 3 spell levels left.
You didn't know any spells.
Your spell library was empty.

Dungeon Overview and Level Annotations

Branches:
Dungeon (3/15)

Altars:
Nemelex Xobeh

Annotations:
D:6 Eustachio, Grinder


Innate Abilities, Weirdness & Mutations

You have a pair of horns on your head.
You reflexively headbutt those who attack you in melee.


Message History

The white imp picks up a beetle and eats it.
Grinder blinks!
The scorpion stings you.
Grinder blinks!
Found a flail.
You block the adder's attack. You block Grinder's attack.
Eustachio the Magnificent comes into view.
He is wielding a +2 rapier of protection and wearing a +1 leather armour of cold resistance.
Found a chain mail.
Eustachio shouts!
The wyvern zombie bites you. The sky beast hits you. The sky beast shocks you.
The adder bites you. The sky beast barely misses you.
The sky beast flickers out of sight!
Deactivating autopickup; reactivate with Ctrl-A.
Grinder gestures at you.
You suddenly lose the ability to move!
The adder bites you but does no damage. x2
Grinder gestures at you. You resist with significant effort.
The adder bites you but does no damage. The scorpion stings you.
Grinder hits you but does no damage. The adder bites you.
* * * LOW HITPOINT WARNING * * *
Something hits you but does no damage. The scorpion stings you.
* * * LOW HITPOINT WARNING * * *
The adder bites you but does no damage.
Eustachio gestures wildly while chanting.
Eustachio blinks!
Grinder hits you.
* * * LOW HITPOINT WARNING * * *
Something hits you but does no damage. The scorpion stings you.
* * * LOW HITPOINT WARNING * * *
The adder bites you but does no damage.
Eustachio casts a spell.
Eustachio blinks!
Grinder hits you.
* * * LOW HITPOINT WARNING * * *
The scorpion stings you but does no damage.
Something hits you.
* * * LOW HITPOINT WARNING * * *
Something shocks you.
You die...
Your body disappears without a glow.

### ..#### ###
.....#
#####.###.....#.
###.....#s.>......
##!......5S@.......
#..#......5{)..[...
#..##...##Z...@...#
##......##.....#...
#.....$....#.## ..
##.........#..# .
##.......##.##
###......#..
..Z......


You could see Eustachio, Grinder, a scorpion, an adder, a white imp and a wyvern
zombie.

Vanquished Creatures
  An iguana (D:2)
  A gnoll (D:1)
  An adder (D:2)
  4 orcs (D:3)
  3 bats
  4 endoplasms
  2 goblins (D:3)
  5 hobgoblins
  5 jackals
  4 quokkas
  8 ball pythons
  3 frilled lizards
  5 kobolds
  6 rats
52 creatures vanquished.

Vanquished Creatures (others)
  3 plants (D:1)
  9 withered plants (D:1)
12 creatures vanquished.

Grand Total: 64 creatures vanquished

Notes
Turn   | Place    | Note
-------+----------+-------------------------------------------
     0 | D:1      | TinyDot the Minotaur Fighter began the quest for the Orb.
     0 | D:1      | Reached XP level 1. HP: 19/19 MP: 0/0
   343 | D:1      | Found a faded altar of an unknown god.
   425 | D:1      | Reached XP level 2. HP: 27/27 MP: 1/1
   673 | D:1      | Reached XP level 3. HP: 28/33 MP: 2/2
  1497 | D:2      | Reached XP level 4. HP: 38/40 MP: 3/3
  2969 | D:3      | Found a sparkling altar of Nemelex Xobeh.
  2995 | D:3      | Became a worshipper of Nemelex Xobeh the Trickster
  3011 | D:3      | You fall into a shaft and drop 3 floors!
  3011 | D:6      | Noticed a scorpion
  3012 | D:6      | Noticed Grinder
  3013 | D:6      | Noticed a sky beast
  3026 | D:6      | Noticed Eustachio
  3030 | D:6      | Paralysed by Grinder for 6 turns
  3035 | D:6      | Slain by a sky beast

Illustrated notes

Levels and vault maps discovered:
D:1:      kennysheep_arrival_seaside, layout_loops_ring,
          ebering_ecumenical_altar_petrified, minivault_11,
          chequers_serial_rivers_small_3, dk_noncrumbling_4
D:2:      minmay_skewed_foursquare, layout_loops_ring
D:3:      layout_loops_cross, nemelex_spade_bored_becter, portal_sewer_entry_b
D:6:      layout_cave_pools, kennysheep_little_box,
          ebering_ghost_reflecting_pool, uniq_maggie, uniq_edmund,
          uniq_eustachio, uniq_grinder

Skill      XL: |  1  2  3 |
---------------+----------+-----
Fighting       | 4 |  4.2
Axes           | 3 |  3.9
Armour         | 4 |  4.5
Shields        | 4 |  4.2
Dodging        | |  0.5

Action                   |  1- 3 |  4- 6 || total
-------------------------+-------+-------++-------
Melee: War axe           |    88 |    44 ||   132
       Headbutt          |    17 |     3 ||    20
  Use: Scroll            |     2 |       ||     2
Armor: Scale mail        |    32 |    30 ||    62
Dodge: Dodged            |    23 |    16 ||    39
Block: Kite shield       |    42 |    36 ||    78
